 Dungeon Crawl Stone Soup version 0.31-a0-542-gdc2a67831c (webtiles) character file.

Game seed: 3632072461609066162

2 GordonOverkill the Sneak (level 1, -4/11 HPs)
             Began as a Vine Stalker Delver on Aug 14, 2023.
             Slain by a gnoll
             ... wielding a +0 club
             ... led by a gnoll sergeant
              (6 damage)
             ... on level 5 of the Dungeon.
             The game lasted 00:01:08 (124 turns).

GordonOverkill the Sneak (Vine Stalker Delver)       Turns: 124, Time: 00:01:09

Health: -4/11      AC:  3    Str: 14    XL:     1   Next: 30%
Magic:  0/2        EV: 11    Int: 10    God:
Gold:   13         SH:  0    Dex: 15    Spells: 0/0 levels left

rFire   . . .        a - +0 mace
rCold   . . .        (no shield)
rNeg    . . .        b - +0 leather armour
rPois   .            (no helmet)
rElec   .            (no cloak)
rCorr   .            (no gloves)
SInv    .            (no boots)
Will    .....        i - amulet of the acrobat
Stlth   +++          (no ring)
HPRegen 0.21/turn    (no ring)
MPRegen 0.08/turn

%: acrobat, guardian spirit
@: no status effects
A: fangs 2, magic shield, antimagic bite, no potion heal 2
a: no special abilities


You were on level 5 of the Dungeon.
You visited 1 branch of the dungeon, and saw 2 of its levels.

You collected 13 gold pieces.

Inventory:

Hand Weapons
 a - a +0 mace (weapon)
Armour
 b - a +0 leather armour (worn)
Jewellery
 i - an amulet of the acrobat (around neck)
Wands
 g - a wand of digging (3)
 j - a wand of light (9)
Scrolls
 c - a scroll of fog
 d - a scroll of revelation
 e - 2 scrolls of fear
 h - a scroll of teleportation {unknown}
 k - a scroll of silence {unknown}
Potions
 f - a potion of haste


   Skills:
 + Level 2.8 Fighting
 - Level 1.7 Maces & Flails
 - Level 1.5 Dodging
 - Level 6.0 Stealth
 + Level 0.0 Evocations


You couldn't memorise any spells.
You didn't know any spells.
Your spell library was empty.

Dungeon Overview and Level Annotations

Branches:
Dungeon (6/15)
 Temple: D:4-7

Altars:


Innate Abilities, Weirdness & Mutations

You have extremely sharp teeth.
When hurt, damage is shared between your health and your magic reserves.
Your bite disrupts and absorbs the magic of your enemies.
Potions cannot restore your health.


Message History

You feel ready to tumble and roll out of harm's way.
i - an amulet of the acrobat (around neck)
An orc comes into view. It is wielding a +0 club.
Found a bronze wand.
The orc shouts!
You hit the orc.
The orc is severely wounded.
The orc hits you with a +0 club.
You hit the orc.
You kill the orc!
No target in view!
No target in view!
No target in view!
You see here a +0 club.
A gnoll comes into view. It is wielding a +0 club.
A black bear comes into view.
Found a scroll labelled XUDGHA ACUPOTH.
The black bear moves out of view.
j - a wand of light (9)
Found 16 gold pieces.
Found 16 gold pieces.
You see here a scroll labelled XUDGHA ACUPOTH.
k - a scroll labelled XUDGHA ACUPOTH A gnoll comes into view.
It is wielding a +0 club.
There is a stone staircase leading down here.
Found a chain mail.
A gnoll sergeant and 2 gnolls come into view.
The gnoll shouts! x3
There is a stone staircase leading down here.
You climb downwards.
There is a stone staircase leading up here.
You climb upwards.
The gnoll hits you from afar with a +0 halberd.
* * * LOW HITPOINT WARNING * * *
The gnoll hits you with a +0 club.
* * * LOW HITPOINT WARNING * * *
There is a stone staircase leading down, spattered with blood here.
You can't go up here!
The gnoll hits you with a +0 club!
Ouch! That really hurt!
You die...

####### #.....#
##########.....#
......[.##.....#
........#..g@..#######
........#......#.....#
........g.g....#.....#
........####.###.....#
.....................#
###..######..###.....#
#... #>## #.....#
#g...######.# #...).#
g. .........# #.....#


You could see 3 gnolls.

Vanquished Creatures
  An orc (D:5)
1 creature vanquished.

Notes
Turn   | Place    | Note
-------+----------+-------------------------------------------
     0 | D:5      | GordonOverkill the Vine Stalker Delver began the quest for
                  | the Orb.
     0 | D:5      | Reached XP level 1. HP: 11/11 MP: 2/2
    74 | D:5      | Noticed a black bear
   113 | D:5      | Noticed a gnoll sergeant
   124 | D:5      | Slain by a gnoll

Illustrated notes

Levels and vault maps discovered:
D:5:      layout_rooms, nicolae_kite_square_tiling_tiny
D:6:      layout_basic, eat_drink_and_be_merry_uskayaw,
          nicolae_qazlal_general_emergency

Action                     || total
---------------------------++-------
  Melee: Mace              ||     2

Table legend: (Time is in decaauts)
 A = Elapsed time spent in this place.
 B = Non-inter-level travel time spent in this place.
 C = Inter-level travel time spent in this place.
 D = Time resting spent in this place.
 E = Time spent auto-exploring this place.
 F = Levels seen in this place.
 G = Mean time per level.
                   A        B        C        D        E       F      G
               +--------+--------+--------+--------+--------+-----+--------+
         Total |    124 |    124 |      0 |      0 |      0 |   2 |   62.0 |
       Dungeon |    124 |    124 |      0 |      0 |      0 |   2 |   62.0 |
               +--------+--------+--------+--------+--------+-----+--------+

Top non-repeatable levels by time:
     D:5: 123 daAuts
     D:6: 1 daAuts
